 Dungeon Crawl Stone Soup version 0.20.1-1-g8b1a95d (console) character file.

190 hilaritas the Slasher (level 5, -5/63 HPs)
             Began as a Demigod Fighter on Nov 6, 2017.
             Killed from afar by Natasha (9 damage)
             ... with a magic dart
             ... on level 2 of the Dungeon.
             The game lasted 00:06:01 (3109 turns).

hilaritas the Slasher (Demigod Fighter)             Turns: 3109, Time: 00:06:02

Health: -5/63      AC:  7    Str: 26    XL:     5   Next: 17%
Magic:  7/7        EV:  7    Int: 12    God:
Gold:   57         SH: 10    Dex: 15    Spells: 4/4 levels left

rFire    . . .     SeeInvis +   a - +0 long sword
rCold    . . .     Gourm    .   c - +0 shield
rNeg     . . .     Faith    .   b - +0 scale mail
rPois    .         Spirit   .   d - +0 helmet {SInv}
rElec    .         Reflect  .   (no cloak)
rCorr    .         Harm     .   (no gloves)
MR       .....                  (no boots)
Stlth    ..........             (no amulet)
Regen    0.2/turn               (no ring)
MPRegen  0.1/turn               (no ring)

@: berserking, slowed
A: high mp 1
a: no special abilities


You were on level 2 of the Dungeon.
You were hungry.

You visited 1 branch of the dungeon, and saw 2 of its levels.

You collected 57 gold pieces.

Inventory:

Hand Weapons
 a - a +0 long sword (weapon)
 h - a cursed +0 dagger
Armour
 b - a +0 scale mail (worn)
 c - a +0 shield (worn)
 d - a +0 helmet of see invisible (worn)
Jewellery
 e - an uncursed ring of protection from fire {unknown}
Scrolls
 j - a scroll of identify {unknown}
 k - 2 scrolls of random uselessness {unknown}
 l - a scroll of recharging {unknown}
 q - a scroll of blinking {unknown}
Potions
 i - a potion of berserk rage
 m - a potion of curing {unknown}
 n - 2 potions of mutation {unknown}
 o - a potion of might
 p - a potion of haste {unknown}
Comestibles
 f - a bread ration


   Skills:
 - Level 2.6 Fighting
 * Level 4.4 Long Blades
 - Level 2.6 Armour
 + Level 3.7 Shields


You had 4 spell levels left.
You didn't know any spells.

Dungeon Overview and Level Annotations

Branches:
Dungeon (2/15)

Annotations:
D:2 Natasha


Innate Abilities, Weirdness & Mutations

You have an increased reservoir of magic. (+10% MP)


Message History

Natasha is heavily wounded.
The shadow imp gestures at you. Pain shoots through your body!
Natasha claws you. You block the rat's attack. The iron imp barely misses you.
The shadow imp hits you.
* * * LOW HITPOINT WARNING * * *
Natasha claws you.
* * * LOW HITPOINT WARNING * * *
The rat barely misses you.
It was a potion of berserk rage.
A red film seems to cover your vision as you go berserk!
You feel yourself moving faster!
You feel mighty! You block the iron imp's attack.
You block the shadow imp's attack. Natasha claws you.
* * * LOW HITPOINT WARNING * * *
The rat bites you.
* * * LOW HITPOINT WARNING * * *
The iron imp completely misses you.
Natasha stares at you and mumbles some strange words.
The magic dart hits you!
You die...

# #......)......##.....#.##)# #
##..######......#....#.##.# #
#.........#.(...#..#..##.# #
##.#########.....###...##.# #
#..# #.(..###....##.# # #.##
##'..#).#....##.# # #.#
##...#....#...##.# # #.##
##....#.....##.##.### # #..##
##....(..............#
####...####....rh5..##.#...#.#.#
..........'....5@...'........#.#
####...####.........##......>..#
.###..######.......######..#####
.........# ##.....## ##.#
..####...## ##...## #.#
###..###..# ##'## #.#
#......##.# #.# #.# ...##.....#
#.# #.# ..####....# ##.## #.#
..####....# ##...#########.#
...##.....###..............#


You could see an iron imp, Natasha, a shadow imp and a rat.

Vanquished Creatures
  Natasha (D:2)
  Robin (D:2)
  A gnoll (D:1)
  4 adders
  An ooze (D:2)
  2 worms (D:2)
  3 dart slugs (D:1)
  4 leopard geckos
  3 giant cockroaches
  17 goblins
  13 hobgoblins
  9 jackals (D:2)
  2 quokkas (D:2)
  4 bats
  4 frilled lizards
  5 kobolds
  8 rats
82 creatures vanquished.

Notes
Turn   | Place    | Note
-------+----------+-------------------------------------------
     0 | D:1      | hilaritas the Demigod Fighter began the quest for the Orb.
     0 | D:1      | Reached XP level 1. HP: 18/18 MP: 3/3
   116 | D:1      | Reached skill level 2 in Long Blades
   116 | D:1      | Reached XP level 2. HP: 19/25 MP: 4/4
   284 | D:1      | You fall through a shaft!
   387 | D:1      | Reached XP level 3. HP: 23/30 MP: 5/5
   695 | D:1      | Reached skill level 3 in Long Blades
  1413 | D:2      | Reached XP level 4. HP: 37/37 MP: 6/6
  1869 | D:2      | Noticed Robin
  1884 | D:2      | Killed Robin
  2161 | D:2      | Reached skill level 4 in Long Blades
  2586 | D:2      | Noticed Natasha
  2607 | D:2      | Killed Natasha
  2607 | D:2      | Reached XP level 5. HP: 17/42 MP: 7/7
  3097 | D:2      | Noticed Natasha
  3109 | D:2      | Killed from afar by Natasha

Skill      XL: |  1  2  3  4 |
---------------+-------------+-----
Long Blades    | 2 3 4 |  4.4
Shields        | 3 |  3.7
Fighting       | |  2.6
Armour         | |  2.6

Action                   |  1- 3 |  4- 6 || total
-------------------------+-------+-------++-------
Melee: Long sword        |   136 |   157 ||   293
  Use: Potion            |       |     2 ||     2
  Eat: Chunk             |     2 |     5 ||     7
Armor: Scale mail        |    47 |    60 ||   107
Dodge: Dodged            |    34 |    46 ||    80
Block: Shield            |    66 |    95 ||   161
       Rpst.: Long sword |     9 |    11 ||    20
